Unix NetHack Version 5.0.0-0 post-release - last build May 31 2026 23:59:36 (970b52f25bf058293b47ddfd14a1e40e571c508c,branch:main).

Game began 2026-06-07 11:48:58, ended 2026-06-07 12:04:20.

Jobair, lawful female dwarven Archeologist

               -------          ---------      -------            --+---
               |.....|          |........#   ##.>....-############..`..|
               |......#         |.......|#   # |.....|            |....|
               |.....|#         ---------#   # |.....|            ------
               -------##           #     ##  # -.-----
                       #           #      ####  #
                       #           #      #     ###
                       ##          #      #       #
     ----------         # ---------.-- #######    ##
     |@...d...|         # |..........|##     #-----|---
     |........|         ##............##     #........|
     |........-#  0#######|..........|#       |.......|
     |........|0###     # |..........|#       |<......|
     |.........#        ##+..........|###     |.......|
     ----------           ----.-------  ######........|
                                              ---------

Jobair the Field Worker    St:13 Dx:10 Co:15 In:14 Wi:15 Ch:9  Lawful
Dlvl:5  $:86 HP:39(39) Pw:8(8) AC:7  Xp:4 T:1895 

Latest messages:
 You find a hidden passage.
 The garter snake bites!
 You miss the garter snake.
 You kill the garter snake!
 Welcome to experience level 4.
 The garter snake bites!
 You kill the garter snake!
 You miss the garter snake.
 The garter snake misses!
 The garter snake bites!
 You miss the garter snake.
 The garter snake bites!
 Godzilla misses the garter snake.
 Godzilla bites the garter snake.
 The garter snake is killed!
 You lash the garter snake.
 The garter snake bites!
 You miss the garter snake.
 The garter snake bites!
 You miss the garter snake.
 The garter snake bites!
 You lash the garter snake.
 You kill the garter snake!
 You stop.  Godzilla is in the way!
 Drink from the fountain? [yn] (n) y
 The cool draught refreshes you.
 The fountain dries up!
 You see here 13 gold pieces.
 $ - 13 gold pieces (77 in total).
 You swap places with Godzilla.
 With great effort you move the boulder.
 You try to move the boulder, but in vain.
 You try to move the boulder, but in vain.
 With great effort you move the boulder.
 You try to move the boulder, but in vain.
 You see here 9 gold pieces.
 $ - 9 gold pieces (86 in total).
 You see here a chest.
 Hmmm, the chest turns out to be locked.
 Are you sure you want to pray? [yn] (n) y
 You begin praying to Quetzalcoatl.
 You are surrounded by a shimmering light.
 You finish your prayer.
 You feel that Quetzalcoatl is well-pleased.
 Really quit without saving? [yn] (n) y
 Do you want your possessions identified? [ynq] (y) y
 Do you want to see your attributes? [ynq] (y) y
 Do you want an account of creatures vanquished? [ynaq] (y) y
 Do you want to see your conduct and achievements? [ynq] (y) y
 Do you want to see the dungeon overview? [ynq] (y) y

Inventory:
 Coins    ('$')
  $ - 86 gold pieces
 Weapons  (')')
  i - 4 +0 darts (at the ready)
  K - a +0 elven dagger
  J - a cursed +0 stiletto
  a - a +2 bullwhip (weapon in right hand)
 Armor    ('[')
  y - a cursed -1 orcish helm (being worn)
  G - a cursed -3 pair of fumble boots
  m - a cursed -3 dwarvish mithril-coat (being worn)
 Comestibles  ('%')
  I - an uncursed goober
  d - 6 uncursed food rations
  v - an uncursed tripe ration
 Scrolls  ('?')
  z - a blessed scroll of blank paper
  q - an uncursed scroll of blank paper
  H - an uncursed scroll of gold detection
  w - a cursed scroll of magic mapping
  L - an uncursed scroll of scare monster
 Potions  ('!')
  j - an uncursed potion of gain energy
  s - an uncursed potion of healing
  t - an uncursed potion of paralysis
  E - an uncursed potion of water
 Wands    ('/')
  D - a wand of locking (0:6)
  p - a wand of stasis (0:3)
 Tools    ('(')
  b - an uncursed sack containing 1 item
  l - an empty uncursed sack
  f - a tinning kit (0:58)
 Gems/Stones  ('*')
  u - an uncursed opal
  F - an uncursed worthless piece of yellowish brown glass
  g - an uncursed touchstone

Contents of the sack:
  a +0 pick-axe

Jobair the Archeologist's attributes:

Background:
 You were a Field Worker, a level 4 female dwarven Archeologist.
 You were lawful, on a mission for Quetzalcoatl
 who was opposed by Camaxtli (neutral) and Huhetotl (chaotic).
 You were right-handed.
 You were in the Dungeons of Doom, on level 5.
 You entered the dungeon 1895 turns ago.
 You had 84 experience points, 76 more were needed to attain level 5.

Basics:
 You had all 39 hit points.
 You had all 8 energy points (spell power).
 Your armor class was 7.
 Your wallet contained 86 zorkmids.
 Autopickup was off.

Final Characteristics:
 Your strength was 13 (limit:18/100).
 Your dexterity was 10 (limit:20).
 Your constitution was 15 (limit:20).
 Your intelligence was 14 (limit:16).
 Your wisdom was 15 (limit:16).
 Your charisma was 9 (limit:16).

Final Status:
 You weren't hungry.
 You were unencumbered.
 You were wielding a whip.
 You had basic skill with whip.

Final Attributes:
 You were devoutly aligned.
 You had automatic searching.
 You had infravision.
 You were guarded.
 You survived.

Miscellaneous:
 You didn't encounter any bones levels.
 Total elapsed playing time was 15 minutes and 21 seconds.

Major events:
 Turn
    1: Jobair the lawful female dwarven Archeologist entered the dungeon
  981: attained the rank of Field Worker (level 3)
 1895: quit

You didn't know any spells.

Skills:
 Fighting Skills
   bare handed combat [Unskilled]
   two weapon combat  [Unskilled]
   riding             [Unskilled]
 Weapon Skills
   dagger             [Unskilled]
   knife              [Unskilled]
   pick-axe           [Basic]
   short sword        [Unskilled]
   saber              [Unskilled]
   club               [Unskilled]
   quarterstaff       [Unskilled]
   sling              [Unskilled]
   dart               [Unskilled]
   boomerang          [Unskilled]
   whip               [Basic]
   unicorn horn       [Unskilled]
 Spellcasting Skills
   attack spells      [Unskilled]
   healing spells     [Unskilled]
   divination spells  [Unskilled]
   matter spells      [Unskilled]

Voluntary challenges:
 Character rerolling was not enabled.
 You never genocided any monsters.
 You never polymorphed an object.
 You never changed form.
 You used no wishes.
Achievements:
 You attained the rank of Field Worker.
 You entered a shop.

 The Dungeons of Doom: levels 1 to 5
    Level 1:
       A fountain.
    Level 2:
       A fountain.
    Level 3:
       A potion shop, a fountain.
    Level 4:
    Level 5: <- You were here.


Vanquished creatures:
  2 orc zombies
  a coyote
  a gas spore
  2 hobbits
  2 giant rats
  a brown mold
  a green mold
  4 garter snakes
  a gecko
  4 jackals
  a kobold
  a goblin
  a sewer rat
  4 grid bugs
  a bat
  7 lichens
  6 newts
40 creatures vanquished.

No species were genocided or became extinct.

Goodbye Jobair the Archeologist...

You quit in The Dungeons of Doom on dungeon level 5 with 622 points,
and 86 pieces of gold, after 1895 moves.
You were level 4 with a maximum of 39 hit points when you quit.

